 Dungeon Crawl Stone Soup version 0.28.0 (webtiles) character file.

Game seed: 3045037976704063134

3880 oldriver the Slinger (level 10, -1/69 HPs)
             Began as a Formicid Hunter on Feb 17, 2022.
             Was a Follower of Hepliaklqana.
             Slain by a white ugly thing (8 damage)
             ... on level 7 of the Dungeon on Feb 19, 2022.
             The game lasted 00:13:28 (8092 turns).

oldriver the Slinger (Formicid Hunter)              Turns: 8092, Time: 00:13:29

Health: -1/69      AC: 10    Str: 22    XL:     10   Next: 42%
Magic:  10/10      EV: 11    Int: 10    God:    Hepliaklqana [*.....]
Gold:   417        SH:  5    Dex: 11    Spells: 9/9 levels left

rFire   + . .      SeeInvis +   a - +0 hunting sling (freeze)
rCold   . . .      Faith    .   (no shield)
rNeg    . . .      Spirit   .   l - +1 ring mail {rF+}
rPois   +          Reflect  +   (helmet unavailable)
rElec   .          Harm     .   h - +0 cloak
rCorr   .          Rampage  .   (no gloves)
Will    +....                   (no boots)
Stlth   +.........              g - amulet of reflection
HPRegen 0.21/turn               m - +4 ring of slaying
MPRegen 0.12/turn               r - ring of poison resistance

@: no status effects
A: reduced essence, permanent stasis, dig shafts and tunnels, antennae 3, four
strong arms, iridescent scales 1, frail 1, no potion heal 1
a: Dig, Shaft Self, Renounce Religion, Recall Ancestor, Ancestor Identity


You were on level 7 of the Dungeon.
You worshipped Hepliaklqana.
Hepliaklqana was aware of your devotion.
You visited 2 branches of the dungeon, and saw 10 of its levels.

You collected 417 gold pieces.

Inventory:

Hand Weapons
 a - a +0 hunting sling of freezing (weapon)
 b - a +3 dagger of electrocution
Missiles
 d - 41 sling bullets
 e - 274 stones (quivered ammo)
 n - 15 poisoned darts
Armour
 h - a +0 cloak (worn)
 l - a +1 ring mail of fire resistance (worn)
Jewellery
 g - an amulet of reflection (around neck)
 m - a +4 ring of slaying (left hand)
 r - a ring of poison resistance (right hand)
 t - a ring of ice
Wands
 i - a wand of iceblast (16)
 u - a wand of digging (5)
 y - a wand of paralysis (10)
Scrolls
 q - 3 scrolls of identify
 s - a scroll of vulnerability {unknown}
 v - 2 scrolls of fog {unknown}
 w - a scroll of magic mapping {unknown}
 x - a scroll of noise {unknown}
 z - a scroll of amnesia
 C - a scroll of enchant armour {unknown}
 D - a scroll of enchant weapon {unknown}
Potions
 c - 2 potions of might {unknown}
 f - 2 potions of magic
 j - 2 potions of ambrosia {unknown}
 k - a potion of brilliance {unknown}
 o - 2 potions of degeneration {unknown}
 p - 2 potions of mutation
 A - a potion of curing {unknown}
 B - a potion of lignification {unknown}
 E - a potion of invisibility {unknown}


   Skills:
 + Level 11.0 Fighting
 + Level 11.1 Slings
 - Level 5.0 Armour
 - Level 1.7 Dodging
 - Level 1.2 Stealth


You had 9 spell levels left.
You didn't know any spells.
Your spell library contained the following spells:

 Spells                   Type           Power      Damage    Failure   Level
 Beastly Appendage        Tmut           0%         N/A       52%         1
 Foxfire                  Conj/Fire      0%         2x1d4     52%         1
 Wereblood                Tmut           0%         N/A       65%         2
 Conjure Flame            Conj/Fire      0%         6-21      87%         3
 Gell's Gravitas          Tloc           0%         N/A       87%         3
 Inner Flame              Hex/Fire       0%         N/A       87%         3
 Lesser Beckoning         Tloc           0%         N/A       87%         3
 Spider Form              Tmut/Pois      0%         N/A       87%         3
 Teleport Other           Tloc           0%         N/A       87%         3
 Flame Wave               Conj/Fire      0%         2d4       99%         4
 Manifold Assault         Tloc           0%         N/A       100%        5
 Blink                    Tloc           Unusable   N/A       N/A         2

Dungeon Overview and Level Annotations

Branches:
Dungeon (9/15)             Temple (1/1) D:6
   Lair: D:8-11         Orc: D:9-12

Altars:
Ashenzari
Cheibriados
Dithmenos
Elyvilon
Fedhas
Gozag
Hepliaklqana
Kikubaaqudgha
Makhleb
Nemelex Xobeh
Okawaru
Qazlal
Ru
Sif Muna
Trog
Uskayaw
Vehumet
Wu Jian
Xom
Yredelemnul
Zin

Shops:
D:3 *   D:8 [*


Innate Abilities, Weirdness & Mutations

Your life essence is reduced to manifest your ancestor. (-10% HP)
You cannot be hasted, slowed, berserked, paralysed or teleported.
You can dig through walls and to a lower floor.
You have a pair of large antennae on your head. (SInv)
Your four strong arms can wield two-handed weapons with a shield.
You are partially covered in iridescent scales. (AC +2)
You are frail. (-10% HP)
Potions are less effective at restoring your health.


Message History

You open the door.
You sense a monster nearby.
There is a stone staircase leading down here.
A white ugly thing comes into view.
The white ugly thing gurgles horribly!
You hear a screech!
A white ugly thing is nearby!
A white ugly thing is nearby!
A white ugly thing is nearby!
You swap places.
A harpy comes into view.
A tengu warrior comes into view. It is wielding a +0 battleaxe.
Kheti hits the white ugly thing.
There is a stone staircase leading down here.
The harpy claws Kheti!
The harpy barely misses Kheti.
The harpy claws Kheti.
The harpy claws Kheti!
Kheti hits the harpy.
Kheti hits the harpy but does no damage.
The harpy barely misses you. You block the harpy's attack.
The harpy screeches!
The harpy claws you but does no damage. The harpy claws you.
Things that are here:
a +0 flail; a +0 robe The harpy barely misses you.
The harpy claws you.
There is a stone staircase leading up, spattered with blood here.
The harpy claws you but does no damage. You block the harpy's attack.
The white ugly thing bites you! The white ugly thing freezes you!!
You climb upwards.
There is a stone staircase leading down here.
Okay, then.
There is a stone staircase leading up here.
The white ugly thing bites you. The white ugly thing freezes you!!
* * * LOW HITPOINT WARNING * * *
You climb upwards.
There is a stone staircase leading down here.
Unknown command.
It was a potion of mutation.
You feel extremely strange.
You feel frail.
Your system partially rejects the healing effects of potions.
Iridescent scales grow over part of your body.
The white ugly thing bites you!
You die...

########### #####
##.........###### ####...#
######..............[. .......#
#....@u.##########.###
###.#..#####.#####.# #.# #
..#.#........# ##.# #.# #
#.#.#.#####.## #..##########.###
#.#.#.## #.# #.###............
#...#..# ##.#####.###.######...##
#####..###............###.......)
..........................##...##
#####.#####..####.#######.###.###


You could see a white ugly thing.

Vanquished Creatures
  A two-headed ogre (D:7)
  A gargoyle (D:7)
  Psyche (D:8)
  4 yaks (D:9)
  A water moccasin (D:6)
  An orc warrior (D:8)
  2 black bears
  An ogre (D:6)
  2 centaurs
  A phantom (D:4)
  A kobold brigand (D:7)
  A bullfrog (D:8)
  A water moccasin zombie (D:6)
  2 scorpions
  6 wights
  A bullfrog zombie (D:7)
  A centaur skeleton (D:6)
  3 hounds
  3 jellies
  A gnoll shaman (D:4)
  4 orc priests
  A bullfrog skeleton (D:7)
  An orc wizard (D:7)
  2 iguanas
  7 gnolls
  4 adders
  A shadow imp (D:7)
  2 ufetubi
  An adder skeleton (D:4)
  2 dart slugs (D:1)
  18 orcs
  12 endoplasms
  A giant cockroach (D:1)
  7 goblins
  8 hobgoblins
  2 jackals (D:1)
  18 kobolds
  A quokka (D:2)
  5 ball pythons
  2 bats (D:1)
  3 frilled lizards
  6 rats
143 creatures vanquished.

Vanquished Creatures (collateral kills)
  A steam dragon (D:8)
  A wyvern skeleton (D:7)
  A wight (D:9)
3 creatures vanquished.

Vanquished Creatures (others)
  3 ancestors
3 creatures vanquished.

Grand Total: 149 creatures vanquished

Notes
Turn   | Place    | Note
-------+----------+-------------------------------------------
     0 | D:1      | oldriver the Formicid Hunter began the quest for the Orb.
     0 | D:1      | Reached XP level 1. HP: 16/16 MP: 1/1
    78 | D:1      | Reached XP level 2. HP: 18/23 MP: 2/2
   560 | D:1      | Reached XP level 3. HP: 29/29 MP: 3/3
  1760 | D:2      | Found a faded altar of an unknown god.
  2071 | D:2      | Reached XP level 4. HP: 32/37 MP: 4/4
  2399 | D:3      | Reached skill level 1 in Armour
  2630 | D:3      | Found Vaxt's General Store.
  3113 | D:4      | Reached XP level 5. HP: 43/43 MP: 5/5
  3137 | D:4      | Noticed a phantom
  3157 | D:4      | Killed a phantom
  3158 | D:4      | Reached skill level 5 in Slings
  3312 | D:4      | Reached skill level 5 in Fighting
  3312 | D:4      | Reached XP level 6. HP: 51/51 MP: 6/6
  3975 | D:5      | Entered Level 5 of the Dungeon
  4255 | D:5      | Reached XP level 7. HP: 53/56 MP: 7/7
  5002 | D:6      | Noticed a water moccasin
  5008 | D:6      | Killed a water moccasin
  5009 | D:6      | Reached XP level 8. HP: 64/65 MP: 8/8
  5031 | D:6      | Found a staircase to the Ecumenical Temple.
  5048 | Temple   | Entered the Ecumenical Temple
  5408 | Temple   | Became a worshipper of Hepliaklqana the Forgotten
  5472 | D:6      | Reached skill level 5 in Armour
  6337 | D:7      | Identified the +1 robe of a bazaar {Int+2}
  6409 | D:7      | Reached XP level 9. HP: 74/74 MP: 9/9
  6552 | D:7      | Reached * piety under Hepliaklqana
  6706 | D:7      | Noticed a gargoyle
  6722 | D:7      | Killed a gargoyle
  7080 | D:7      | Noticed a two-headed ogre
  7088 | D:7      | Killed a two-headed ogre
  7229 | D:8      | Found Tungup's Armour Boutique.
  7233 | D:8      | Found a shadowy altar of Dithmenos.
  7240 | D:8      | Reached skill level 10 in Slings
  7362 | D:8      | Reached XP level 10. HP: 76/76 MP: 10/10
  7397 | D:8      | Reached skill level 10 in Fighting
  7410 | D:8      | Noticed Psyche
  7421 | D:8      | Killed Psyche
  7493 | D:8      | Found Feackis's Demolitions Depot.
  8074 | D:9      | Noticed a white ugly thing
  8075 | D:9      | Noticed a harpy
  8076 | D:9      | Noticed a tengu warrior
  8092 | D:7      | Gained mutation: You are frail. (-10% HP) [potion of
                  | mutation]
  8092 | D:7      | Gained mutation: Potions are less effective at restoring
                  | your health. [potion of mutation]
  8092 | D:7      | Gained mutation: You are partially covered in iridescent
                  | scales. (AC +2) [potion of mutation]
  8092 | D:7      | Slain by a white ugly thing

Illustrated notes

Levels and vault maps discovered:
D:1:      evilmike_arrival_crescent, layout_loops_ring, serial_bayou,
          serial_bayou_pond_e, serial_bayou_pond_e, serial_bayou_lake_a,
          serial_bayou_pond_b, minivault_24, minmay_quantized
D:2:      layout_basic, hellmonk_ecumenical_altar_lost_god, minmay_tetromino_l2
D:3:      layout_rooms, serial_shops, nicolae_shop_behind_doors
D:4:      layout_gridville
D:5:      black_bear_nest_1, layout_basic
D:6:      layout_rooms, minmay_temple_entry_arrows, kennysheep_another_room
D:7:      layout_loops_ring, roderic_lattice_a, hangedman_decor_lopped,
          hangedman_abyss_or_decor_stagger
D:8:      layout_cave_pools, mainiacjoe_overflow_alcove_1, serial_shops,
          nicolae_shop_waterfront, nicolae_blasting_shop, uniq_psyche
D:9:      minmay_cornered_nines, layout_basic, nicolae_tso_swordbearing_angel,
          minmay_ruined_shrine, uniq_grum
Temple:   mainiacjoe_temple_cubbyholes

Skill      XL: |  1  2  3  4  5  6  7  8  9 10 |
---------------+-------------------------------+-----
Fighting       | 3 4 5 6 7 9 11 | 11.0
Armour         | 1 2 3 4 5 |  5.0
Slings         | 5 6 8 10 11 | 11.1
Dodging        | |  1.7
Stealth        | |  1.2

Action                   |  1- 3 |  4- 6 |  7- 9 | 10-12 || total
-------------------------+-------+-------+-------+-------++-------
Melee: Dagger            |    24 |    21 |     7 |       ||    52
       Short sword       |     4 |       |       |       ||     4
 Fire: Hunting sling     |    90 |   117 |   173 |    61 ||   441
Throw: Dart              |       |       |     1 |     4 ||     5
  Use: Scroll            |       |     2 |     1 |       ||     3
       Potion            |       |       |       |     1 ||     1
Armor: Leather armour    |    14 |       |       |       ||    14
       Ring mail         |     3 |    28 |    19 |     4 ||    54
Dodge: Dodged            |    23 |    45 |    29 |     8 ||   105
Block: Other             |       |       |       |     3 ||     3
